 Dungeon Crawl Stone Soup version 0.30.1 (webtiles) character file.

Game seed: 13218904786568153582

3453 Graphine the Disciple of Destruction (level 9, 0/67 (69) HPs)
             Began as a Demonspawn Fighter on July 12, 2023.
             Was a Follower of Makhleb.
             Killed by vampiric draining
             ... invoked by a vampire
              (10 damage)
             ... on level 8 of the Dungeon.
             The game lasted 00:14:43 (5309 turns).

Graphine the Disciple of Destruction (DsFi)         Turns: 5309, Time: 00:14:44

HP:   0/67 (69)     AC: 17    Str: 20    XL:     9   Next: 78%
MP:   13/13         EV: 12    Int: 17    God:    Makhleb [*.....]
Gold: 411           SH:  0    Dex:  9    Spells: 12/14 levels left

rFire   x . .        n - +7 whip "Xeveo" {freeze, Str+4 Int+3 Dex-4 Stlth+}
rCold   + . .        (no shield)
rNeg    . . .        b - +2 plate armour {Will+}
rPois   .            (no helmet)
rElec   .            (no cloak)
rCorr   .            i - +2 pair of gloves
SInv    .            (no boots)
Will    +....        (no amulet) Stlth
                     j - ring of ice
HPRegen 0.31/turn    y - +5 ring of evasion
MPRegen 0.13/turn

%: no passive effects
@: slowed, lightly drained, very slow
A: spiny 2, demonic magic 1, demonic touch 2
a: Renounce Religion


You were on level 8 of the Dungeon.
You worshipped Makhleb.
Makhleb was aware of your devotion.
You visited 2 branches of the dungeon, and saw 9 of its levels.

You collected 411 gold pieces.

Inventory:

Hand Weapons
 a - a +0 rapier
 k - a +1 dagger of speed
 n - the +7 whip "Xeveo" (weapon) {freeze, Str+4 Int+3 Dex-4 Stlth+}
   (You found it on level 2 of the Dungeon)

   Str:       It affects your strength (+4).
   Int:       It affects your intelligence (+3).
   Dex:       It affects your dexterity (-4).
   Stlth:     It makes you more stealthy.
 B - the +10 sling of Imminent Death {heavy, rPois rC+ Stlth+}
   (You found it on level 6 of the Dungeon)

   rC:        It protects you from cold.
   rPois:     It protects you from poison.
   Stlth:     It makes you more stealthy.
Missiles
 u - a throwing net (quivered)
Armour
 b - a +2 plate armour of willpower (worn)
 i - a +2 pair of gloves (worn)
 x - a +2 robe of willpower
 D - +0 steam dragon scales
Jewellery
 j - a ring of ice (left hand)
 y - a +5 ring of evasion (right hand)
Wands
 l - a wand of iceblast (16)
 A - a wand of acid (13)
Scrolls
 h - a scroll of amnesia
 m - a scroll of poison
 o - 5 scrolls of teleportation
 r - a scroll of silence
 w - a scroll of butterflies
Potions
 c - 4 potions of mutation
 d - a potion of might
 e - 2 potions of resistance
 g - a potion of brilliance
 p - 2 potions of berserk rage
 s - 3 potions of haste
 t - a potion of attraction
 v - a potion of cancellation
 z - a potion of curing {unknown}
 C - a potion of invisibility


   Skills:
 + Level 5.7 Fighting
 - Level 2.3 Short Blades
 + Level 4.2 Maces & Flails
 + Level 5.2 Armour
 + Level 4.4 Dodging
 + Level 4.8 Stealth
 - Level 3.3 Shields
 + Level 3.1 Spellcasting
 - Level 1.5 Translocations
 + Level 3.5 Ice Magic
 - Level 1.8 Poison Magic
 + Level 6.2 Invocations


You had 12 spell levels left.
You knew the following spells:

 Your Spells              Type           Power      Damage    Failure   Level
a - Sting                 Tmut/Pois      20%        1d4       96%         1
b - Freeze                Ice            88%        1d9       71%         1

Your spell library contained the following spells:

 Spells                   Type           Power      Damage    Failure   Level
 Ensorcelled Hibernation  Hex/Ice        26%        N/A       97%         2
 Frozen Ramparts          Ice            44%        1d7       97%         3
 Blink                    Tloc           14%        N/A       98%         2
 Lesser Beckoning         Tloc           14%        N/A       98%         2
 Magic Dart               Conj           8%         1d3       99%         1
 Momentum Strike          Conj/Tloc      10%        3d8       99%         2
 Poisonous Vapours        Pois/Air       10%        N/A       99%         2
 Hailstorm                Conj/Ice       13%        3d5       99%         3
 Call Imp                 Summ           4%         N/A       100%        2
 Passwall                 Tmut/Erth      1%         N/A       100%        2
 Sublimation of Blood     Necr           2%         N/A       100%        2
 Mephitic Cloud           Conj/Pois/Air  4%         N/A       100%        3
 Swiftness                Air            2%         N/A       100%        3
 Dispel Undead            Necr           2%         3d7       100%        4
 Olgreb's Toxic Radiance  Pois           8%         N/A       100%        4


Dungeon Overview and Level Annotations

Branches:
Dungeon (8/15)             Temple (1/1) D:5
   Lair: D:8-11

Altars:
Ashenzari
Cheibriados
Dithmenos
Fedhas
Gozag
Hepliaklqana
Kikubaaqudgha
Makhleb
Nemelex Xobeh
Okawaru
Qazlal
Ru
Sif Muna
Trog
Uskayaw
Vehumet
Wu Jian
Xom
Yredelemnul

Shops:
D:2 =


Innate Abilities, Weirdness & Mutations

You are mostly covered in sharp spines.
Spells you cast may paralyse adjacent enemies.
Your touch may inflict irresistible damage on your foes.


Message History

Something hits you! Something bites you but does no damage.
The wraith is struck by your spines. The wraith hits you but does no damage.
The wight is struck by your spines. The wight closely misses you.
Something hits you! Something bites you but does no damage.
The wraith barely misses you. The wight is struck by your spines.
The wight hits you but does no damage.
You whack the wraith! You freeze the wraith.
You destroy the wraith!
Makhleb accepts your kill. The wight is struck by your spines.
The wight hits you with a +0 hand axe. Something hits you. Something bites you!
Something draws strength from your injuries!
You are too injured to fight recklessly!
You are too injured to fight recklessly!
The wight attacks as you move away! The wight hits you with a +0 mace.
You feel drained.
* * * LOW HITPOINT WARNING * * *
Something hits you but does no damage. Something bites you.
* * * LOW HITPOINT WARNING * * *
Something draws strength from your injuries!
You hit the wight. Your touch misses the wight.
The wight is almost destroyed.
The wight hits you with a +0 hand axe.
* * * LOW HITPOINT WARNING * * *
Something hits you.
* * * LOW HITPOINT WARNING * * *
Something bites you but does no damage.
Unknown command.
You feel much better. The wight hits you with a +0 hand axe.
* * * LOW HITPOINT WARNING * * *
You feel drained.
* * * LOW HITPOINT WARNING * * *
Something hits you but does no damage. Something bites you.
* * * LOW HITPOINT WARNING * * *
Something draws strength from your injuries!
Okay, then.
You closely miss the wight.
The wight is almost destroyed.
Something draws life force from you!
You die...

...#...## .#
#.#.#..## ...
#.....#
#.#.#.#..######
.....#.......#
###.#####.###.#
#.....#.....#
.#.....#z⌠.⌠.#.#
......z{@.⌠......
.#.....#.⌠.⌠.#...
#.....#.....#...#
###.#####.### ###
.." .... #.. ####
..! .#.


You could see 2 wights.

Vanquished Creatures
  2 kobold demonologists (D:7)
  A hornet (D:7)
  Prince Ribbit (D:6)
  A wraith (D:8)
  A steam dragon (D:7)
  2 orc warriors (D:7)
  2 ice beasts (D:5)
  A sky beast (D:7)
  2 ogres
  5 kobold brigands
  2 phantoms
  3 bullfrogs
  2 scorpions
  A killer bee (D:8)
  3 howler monkeys
  2 hounds (D:7)
  4 orc priests
  2 jellies (D:5)
  Ijyb (D:3)
  2 sleepcaps
  Jessica (D:2)
  An iguana (D:6)
  3 orc wizards
  Robin (D:3)
  5 gnolls
  4 adders
  A shadow imp (D:7)
  2 white imps
  2 ufetubi
  3 dart slugs
  8 orcs
  10 ball pythons
  10 endoplasms
  2 giant cockroaches
  15 hobgoblins
  3 quokkas
  2 bats (D:2)
  A frilled lizard (D:1)
  14 goblins
  16 kobolds
  4 rats
148 creatures vanquished.

Vanquished Creatures (others)
  A kobold (D:7)
1 creature vanquished.

Grand Total: 149 creatures vanquished

Notes
Turn   | Place    | Note
-------+----------+-------------------------------------------
     0 | D:1      | Graphine the Demonspawn Fighter began the quest for the
                  | Orb.
     0 | D:1      | Reached XP level 1. HP: 18/18 MP: 1/1
   225 | D:1      | Gained mutation: You are partially covered in sharp spines.
                  | [demonic ancestry]
   225 | D:1      | Reached XP level 2. HP: 24/24 MP: 2/2
   439 | D:1      | Reached skill level 1 in Invocations
   483 | D:1      | Gained mutation: Spells you cast may paralyse adjacent
                  | enemies. [demonic ancestry]
   483 | D:1      | Reached XP level 3. HP: 26/29 MP: 3/3
   833 | D:2      | Noticed Jessica
   858 | D:2      | Killed Jessica
   859 | D:2      | Reached skill level 1 in Stealth
   859 | D:2      | Reached XP level 4. HP: 14/35 MP: 5/5
  1109 | D:2      | Found Gafienocw's Jewellery Boutique.
  1122 | D:2      | Identified the +7 whip "Xeveo" {freeze, Str+4 Int+3 Dex-4
                  | Stlth+}
  1381 | D:3      | Reached skill level 1 in Dodging
  1522 | D:3      | Noticed Robin
  1533 | D:3      | Reached skill level 2 in Invocations
  1545 | D:3      | Killed Robin
  1546 | D:3      | Reached XP level 5. HP: 32/41 MP: 6/6
  1650 | D:3      | Noticed Ijyb
  1663 | D:3      | Killed Ijyb
  1964 | D:3      | Found a hide-covered altar of Uskayaw.
  1968 | D:3      | Found a shimmering blue altar of Sif Muna.
  1968 | D:3      | Found a stormy altar of Qazlal.
  1969 | D:3      | Found a blossoming altar of Fedhas.
  1971 | D:3      | Found a sacrificial altar of Ru.
  1976 | D:3      | Reached skill level 1 in Maces & Flails
  1980 | D:3      | Found an ancient bone altar of Kikubaaqudgha.
  2087 | D:4      | Learned a level 1 spell: Sting
  2273 | D:4      | Reached skill level 1 in Poison Magic
  2282 | D:4      | Gained mutation: Your touch may inflict minor irresistible
                  | damage on your foes. [demonic ancestry]
  2282 | D:4      | Reached XP level 6. HP: 35/47 MP: 7/7
  2553 | D:5      | Entered Level 5 of the Dungeon
  2566 | D:5      | Noticed an ice beast
  2583 | D:5      | Killed an ice beast
  2584 | D:5      | Reached skill level 1 in Translocations
  2708 | D:5      | Reached skill level 1 in Spellcasting
  2798 | D:5      | Noticed an ice beast
  2817 | D:5      | Reached skill level 3 in Invocations
  2823 | D:5      | Killed an ice beast
  2824 | D:5      | Gained mutation: Your touch may inflict irresistible damage
                  | on your foes. [demonic ancestry]
  2824 | D:5      | Reached XP level 7. HP: 36/53 MP: 2/9
  2963 | D:5      | Learned a level 1 spell: Freeze
  3089 | D:5      | Found a staircase to the Ecumenical Temple.
  3115 | Temple   | Entered the Ecumenical Temple
  3142 | Temple   | Became a worshipper of Makhleb the Destroyer
  3651 | D:6      | Reached skill level 1 in Ice Magic
  3761 | D:6      | Reached XP level 8. HP: 60/60 MP: 9/11
  3871 | D:6      | Noticed Prince Ribbit
  3880 | D:6      | Killed Prince Ribbit
  3881 | D:6      | Reached skill level 4 in Invocations
  3960 | D:6      | Identified the +10 sling of Imminent Death {heavy, rPois
                  | rC+ Stlth+}
  4246 | D:7      | Reached * piety under Makhleb
  4368 | D:7      | Noticed a kobold demonologist
  4373 | D:7      | Killed a kobold demonologist
  4388 | D:7      | Noticed a kobold demonologist
  4399 | D:7      | Killed a kobold demonologist
  4400 | D:7      | Reached skill level 5 in Fighting
  4400 | D:7      | Reached skill level 5 in Invocations
  4400 | D:7      | Gained mutation: You are mostly covered in sharp spines.
                  | [demonic ancestry]
  4400 | D:7      | Reached XP level 9. HP: 68/68 MP: 8/13
  4824 | D:7      | Reached skill level 5 in Armour
  5105 | D:7      | Reached skill level 6 in Invocations
  5199 | D:7      | Got the Atlas of Death and the Tundra
  5309 | D:8      | Killed from afar by a vampire

Illustrated notes

Levels and vault maps discovered:
D:1:      tekkud_arrival_beachfront_property, layout_basic
D:2:      layout_rooms, serial_shops, nicolae_shop_just_a_little_nook,
          kennysheep_generic_room_6, uniq_jessica
D:3:      layout_basic, minitemple, uniq_robin, uniq_ijyb
D:4:      layout_gridville
D:5:      layout_cave_pools, minmay_temple_entry_mini_moons, item_on_display_a
D:6:      layout_rooms, uniq_prince_ribbit1
D:7:      layout_loops_cross, kennysheep_small_square
D:8:      layout_layer_cave, minmay_misc_feat_ornament,
          kennysheep_decorative_pillar, minmay_chambers_of_fives, uniq_maggie
Temple:   hellmonk_temple_of_storms

Skill      XL: |  1  2  3  4  5  6  7  8  9 |
---------------+----------------------------+-----
Short Blades   | 2 |  2.3
Invocations    | 1 2 3 5 6 |  6.2
Stealth        | 1 2 3 4 |  4.8
Shields        | 3 |  3.3
Dodging        | 1 2 3 4 |  4.4
Armour         | 3 4 5 |  5.2
Maces & Flails | 1 2 3 4 |  4.2
Poison Magic   | 1 |  1.8
Translocations | 1 |  1.5
Spellcasting   | 1 2 3 |  3.1
Fighting       | 4 5 |  5.7
Ice Magic      | 1 2 3 |  3.5

Action                     |  1- 3 |  4- 6 |  7- 9 || total
---------------------------+-------+-------+-------++-------
  Melee: Rapier            |    76 |       |       ||    76
         Dagger            |    15 |    16 |       ||    31
         Whip              |       |   108 |   109 ||   217
         Touch             |       |     4 |    22 ||    26
         Punch             |       |       |     1 ||     1
  Throw: Throwing net      |       |     1 |       ||     1
   Cast: Sting             |       |     7 |       ||     7
         Freeze            |       |       |    36 ||    36
    Use: Scroll            |     4 |    10 |     5 ||    19
         Potion            |       |     1 |     1 ||     2
   Stab: Paralysed         |       |     9 |    19 ||    28
         Sleeping          |       |       |     5 ||     5
 Armour: Scale mail        |    27 |    54 |    27 ||   108
         Plate armour      |       |       |    16 ||    16
         Steam dragon scal |       |       |     7 ||     7
  Dodge: Dodged            |    35 |    64 |    88 ||   187
  Block: Buckler           |    19 |    14 |       ||    33
